Unix NetHack Version 5.0.0-0 post-release - last build May 17 2026 04:57:42 (dc50c8380fa5e20985bfe3072449f57b8d9895ef,branch:main).

Game began 2026-05-18 13:06:19, ended 2026-05-18 13:21:03.

GdeVolpiano, neutral female human Tourist

           -----
           |...|
          #....|       ----------------
          #|...-#      |..............|
          #....|#      |.>............|               ---------------
          #-----#      -------.---.----       ########..............|
          #     #          ####   #############       |.............|
          #     #         ##      ##Y              ###..............|
          #     #        ##  ###### @             ##  |.............|
          #     # -------.- ## -----q--        ####   |.............|
          #     ##|.......| #  |....q.-#########      ---------------
          ##     #|.......| #  |(....<|
         # #     #.........##  |.^..`.|
  -------|-#      |.......|    |......|
  |.....>.-#   ###-.......|    --------
  |.......|  ###  |.......|
  |.......-###    ---------
  ---------

GdeVolpiano the Sightseer   St:13 Dx:15 Co:13 In:14 Wi:8 Ch:14  Neutral
Dlvl:3  $:219 HP:0(41) Pw:18(18) AC:7  Xp:5 T:2040  Burdened

Latest messages:
 Where do you want to travel to?
 (For instructions type a '?')
 You see here 134 gold pieces.
 $ - 134 gold pieces (219 in total).
 Where do you want to travel to?
 (For instructions type a '?')
 You descend the stairs.
 There is a branch staircase up to the Dungeons of Doom here.
 You see here a dagger.
 It is missed.
 An arrow misses you.
 You are hit by an arrow.
 The arrow hits the dwarf!
 The dwarf swings her broad pick.
 The dwarf hits!
 In what direction?
 You kill the dwarf!
 You are hit by an arrow.
 You are hit by an arrow.
 a - a +2 dart (at the ready) (18 in total).
 There are several more objects here.
 An arrow misses you.
 An arrow misses you.
 R - a broad pick.
 S - a broad short sword.
 You have a little trouble lifting a hard hat.  Continue? [ynq] (q)
 You have a little trouble lifting T - a hard hat.
 U - a pair of hard shoes.
 V - 2 blue gems.
 Your movements are slowed slightly because of your load.
 You climb up the stairs.
 Where do you want to travel to?
 (For instructions type a '?')
 The rothe hits!
 The rothe misses!
 The rothe bites!
 In what direction?
 The dart hits the rothe.
 The rothe hits!
 The rothe bites!
 The rothe bites again!
 The rothe hits!
 The rothe bites!
 The rothe just misses!
 The monkey hits!
 The monkey tries to snatch your mail but gives up.
 The monkey bites!
 You die...
 Do you want your possessions identified? [ynq] (y)
 Do you want to see your attributes? [ynq] (y)

Inventory:
 Coins    ('$')
  $ - 219 gold pieces
 Weapons  (')')
  a - 17 +2 darts (at the ready)
  R - a +0 dwarvish mattock
  S - a cursed -1 dwarvish short sword
 Armor    ('[')
  T - an uncursed +0 dwarvish iron helm
  s - an uncursed +0 pair of leather gloves
  U - an uncursed +0 pair of iron shoes
  p - an uncursed +0 ring mail (being worn)
 Comestibles  ('%')
  M - an uncursed fig
  c - 7 uncursed food rations
  b - an uncursed tripe ration
 Potions  ('!')
  h - a blessed potion of extra healing
  i - 2 uncursed potions of extra healing
 Rings    ('=')
  H - an uncursed ring of see invisible (on right hand)
 Tools    ('(')
  m - an uncursed credit card
  l - an expensive camera (0:67)
 Gems/Stones  ('*')
  V - 2 cursed worthless pieces of blue glass

GdeVolpiano the Tourist's attributes:

Background:
 You were a Sightseer, a level 5 female human Tourist.
 You were neutral, on a mission for The Lady
 who was opposed by Blind Io (lawful) and Offler (chaotic).
 You were right-handed.
 You were in the Dungeons of Doom, on level 3.
 You entered the dungeon 2040 turns ago.
 There was a new moon in effect when your adventure ended.
 You had 202 experience points, 118 more were needed to attain level 6.

Basics:
 You had 0 out of 41 hit points.
 You had all 18 energy points (spell power).
 Your armor class was 7.
 Your wallet contained 219 zorkmids.
 Autopickup was on for '$?!/="+' plus thrown, with exceptions.

Final Characteristics:
 Your strength was 13 (limit:18/100).
 Your dexterity was 15 (limit:18).
 Your constitution was 13 (limit:18).
 Your intelligence was 14 (limit:18).
 Your wisdom was 8 (limit:18).
 Your charisma was 14 (limit:18).

Final Status:
 You weren't hungry.
 You were burdened; movement was slightly slowed.
 You were bare handed.
 You were unskilled in bare handed combat.

Final Attributes:
 You were piously aligned.
 You saw invisible.
 You were warded.
 You are dead.

Miscellaneous:
 You didn't encounter any bones levels.
 Total elapsed playing time was 14 minutes and 43 seconds.

Major events:
 Turn
    1: GdeVolpiano the neutral female human Tourist entered the dungeon
 1045: attained the rank of Sightseer (level 3)
 1357: entered the Gnomish Mines
 2040: killed by a monkey

You didn't know any spells.

Skills:
 Fighting Skills
   bare handed combat [Unskilled]
   two weapon combat  [Unskilled]
   riding             [Unskilled]
 Weapon Skills
   dagger             [Unskilled]
   knife              [Unskilled]
   axe                [Unskilled]
   pick-axe           [Unskilled]
   short sword        [Unskilled]
   broadsword         [Unskilled]
   long sword         [Unskilled]
   two-handed sword   [Unskilled]
   saber              [Unskilled]
   mace               [Unskilled]
   morning star       [Unskilled]
   flail              [Unskilled]
   hammer             [Unskilled]
   quarterstaff       [Unskilled]
   polearms           [Unskilled]
   spear              [Unskilled]
   trident            [Unskilled]
   lance              [Unskilled]
   bow                [Unskilled]
   sling              [Unskilled]
   crossbow           [Unskilled]
   dart               [Basic]
   shuriken           [Unskilled]
   boomerang          [Unskilled]
   whip               [Unskilled]
   unicorn horn       [Unskilled]
 Spellcasting Skills
   divination spells  [Unskilled]
   enchantment spells [Unskilled]
   escape spells      [Unskilled]

Voluntary challenges:
 Character rerolling was not enabled.
 You never hit with a wielded weapon.
 You never genocided any monsters.
 You never polymorphed an object.
 You never changed form.
 You used no wishes.
Achievements:
 You entered a shop.
 You attained the rank of Sightseer.
 You entered the Gnomish Mines.

 The Dungeons of Doom: levels 1 to 4
    Level 1:
       A fountain.
    Level 2:
       An armor shop, an altar to The Lady, a fountain.
    Level 3: <- You were here.
       Stairs down to The Gnomish Mines.
       Final resting place for
          you, killed by a monkey.
    Level 4:
 The Gnomish Mines:
    Level 4:


Vanquished creatures:
  a leprechaun
  a chickatrice
  a kitten
  a dwarf
  2 orc zombies
  a wererat
 an iguana
  a gas spore
  3 manes
  2 yellow molds
  6 gnomes
  a gecko
  6 jackals
  a fox
  a goblin
  3 grid bugs
  a lichen
  3 kobold zombies
  6 newts
42 creatures vanquished.

No species were genocided or became extinct.

Game over:
                       ----------
                      /          \
                     /    REST    \
                    /      IN      \
                   /     PEACE      \
                  /                  \
                  |   GdeVolpiano    |
                  |      219 Au      |
                  |   killed by a    |
                  |      monkey      |
                  |                  |
                  |                  |
                  |       2026       |
                 *|     *  *  *      | *
        _________)/\\_//(\/(/\)/\//\/|_)_______

Aloha GdeVolpiano the Tourist...

You died in The Dungeons of Doom on dungeon level 3 with 1320 points,
and 219 pieces of gold, after 2040 moves.
You were level 5 with a maximum of 41 hit points when you died.

